 Dungeon Crawl Stone Soup version 0.30-a0-605-gb2882149bf (webtiles) character file.

Game seed: 15441910508134420057

121 acebull12 the Grave Robber (level 4, -1/32 HPs)
             Began as a Demonspawn Necromancer on Jan 7, 2023.
             Slain by a gnoll
             ... wielding a +0 whip
              (6 damage)
             ... on level 3 of the Dungeon.
             The game lasted 00:05:42 (2523 turns).

acebull12 the Grave Robber (Demonspawn Necromancer) Turns: 2523, Time: 00:05:42

Health: -1/32      AC:  5    Str:  8    XL:     4   Next: 76%
Magic:  8/8        EV: 12    Int: 19    God:
Gold:   135        SH:  0    Dex: 13    Spells: 7/8 levels left

rFire   . . .      SeeInvis .    e - +0 war axe
rCold   . . .      Faith    .    (no shield)
rNeg    . . .      Spirit   .    a - +0 robe
rPois   .          Reflect  .    (no helmet)
rElec   .          Harm     .    (no cloak)
rCorr   .          Rampage  .    (no gloves)
Will    .....                    (no boots)
Stlth   ++                       (no amulet)
HPRegen 0.25/turn                (no ring)
MPRegen 0.11/turn                (no ring)

@: no status effects
A: thin metallic scales 2, foul stench 1
a: no special abilities


You were on level 3 of the Dungeon.
You visited 1 branch of the dungeon, and saw 4 of its levels.

You collected 135 gold pieces.

Inventory:

Hand Weapons
 e - a +0 war axe (weapon)
Armour
 a - a +0 robe (worn)
 p - a +0 scale mail
Scrolls
 c - a scroll of summoning {unknown}
 d - 2 scrolls of enchant armour {unknown}
 g - a scroll of blinking {unknown}
 h - 2 scrolls of identify {unknown}
 i - a scroll of fear {unknown}
 j - a scroll of fog {unknown}
 o - a scroll of magic mapping {unknown}
Potions
 b - a potion of magic
 f - a potion of flight {unknown}
 k - a potion of heal wounds {unknown}
 l - a potion of curing {unknown}
 m - a potion of berserk rage {unknown}
 n - a potion of haste {unknown}


   Skills:
 * Level 1.0 Fighting
 + Level 1.3 Axes
 * Level 1.0 Armour
 + Level 1.9 Dodging
 + Level 1.8 Stealth
 * Level 2.6 Spellcasting
 * Level 5.5 Necromancy


You had 7 spell levels left.
You knew the following spells:

 Your Spells              Type           Power      Damage    Failure   Level
a - Necrotise             Necr           92%        1d8       1%          1

Your spell library contained the following spells:

 Spells                   Type           Power      Damage    Failure   Level
 Vampiric Draining        Necr           23%        2d7       4%          3
 Magic Dart               Conj           8%         1d3       16%         1
 Animate Dead             Necr           23%        N/A       16%         4
 Call Imp                 Summ           2%         N/A       24%         2
 Agony                    Necr           23%        N/A       41%         5
 Call Canine Familiar     Summ           2%         N/A       43%         3
 Mephitic Cloud           Conj/Pois/Air  2%         N/A       43%         3
 Portal Projectile        Hex/Tloc       4%         N/A       43%         3
 Leda's Liquefaction      Hex/Erth       1%         N/A       83%         4


Dungeon Overview and Level Annotations

Branches:
Dungeon (4/15)
 Temple: D:4-7

Altars:
Nemelex Xobeh


Innate Abilities, Weirdness & Mutations

You are mostly covered in thin metallic scales. (AC +3)
You may rarely emit foul miasma when damaged in melee.


Message History

The giant cockroach attacks as you move away!
The giant cockroach bites you but does no damage.
The giant cockroach bites you but does no damage.
The giant cockroach attacks as you move away!
The giant cockroach barely misses you.
You hit the giant cockroach.
The giant cockroach is almost dead.
The giant cockroach bites you but does no damage. x2
You hit the giant cockroach but do no damage.
The giant cockroach is almost dead.
The giant cockroach bites you but does no damage.
The gnoll barely misses you.
You completely miss the giant cockroach.
The giant cockroach is almost dead.
The giant cockroach bites you but does no damage. x2
The gnoll misses you.
You slash the giant cockroach!
You kill the giant cockroach!
The gnoll hits you from afar with a +0 spear.
You hit the gnoll.
The gnoll is heavily wounded.
The gnoll barely misses you. The gnoll hits you with a +0 whip.
The gnoll hits you from afar with a +0 spear.
You closely miss the gnoll.
The gnoll is heavily wounded.
The gnoll hits you with a +0 whip.
The gnoll hits you from afar with a +0 spear.
You hit the gnoll.
The gnoll is almost dead.
The gnoll hits you from afar with a +0 spear!
The gnoll closely misses you. The gnoll hits you but does no damage.
The gnoll hits you from afar with a +0 spear.
* * * LOW HITPOINT WARNING * * *
You barely miss the gnoll.
The gnoll is almost dead.
The gnoll hits you but does no damage. The gnoll attacks as you move away!
The gnoll hits you with a +0 whip.
* * * LOW HITPOINT WARNING * * *
The gnoll attacks as you move away! The gnoll hits you with a +0 whip.
You die...

######## ##### #......#
###...# #.####.#
#.....# #.##.#.#
##.....######.##.#.####
#......g.g..#.#.......#
#.....@####.#.##.#.##.#
#......####.#.##.#.##.#
#....###....#.##.#.##.#
#....# #....#.##.#.##.#
#<#### #....#....#.##.#
########....######.##.#
#........g####.#.##.#
#..............#.##.#
#..............#.##.#


You could see 2 gnolls.

Vanquished Creatures
  Jessica (D:2)
  2 adders (D:2)
  3 worms (D:2)
  A dart slug (D:1)
  4 bats
  3 endoplasms
  5 giant cockroaches
  3 goblins (D:2)
  4 hobgoblins
  3 quokkas
  3 ball pythons
  A frilled lizard (D:2)
  3 rats
36 creatures vanquished.

Vanquished Creatures (collateral kills)
  A hound (D:2)
1 creature vanquished.

Grand Total: 37 creatures vanquished

Notes
Turn   | Place    | Note
-------+----------+-------------------------------------------
     0 | D:1      | acebull12 the Demonspawn Necromancer began the quest for
                  | the Orb.
     0 | D:1      | Reached XP level 1. HP: 13/13 MP: 3/3
   263 | D:1      | Gained mutation: You may rarely emit foul miasma when
                  | damaged in melee. [demonic ancestry]
   263 | D:1      | Reached XP level 2. HP: 19/19 MP: 3/5
  1127 | D:2      | Reached skill level 5 in Necromancy
  1185 | D:2      | Gained mutation: You are partially covered in thin metallic
                  | scales. (AC +2) [demonic ancestry]
  1185 | D:2      | Reached XP level 3. HP: 25/25 MP: 4/6
  1339 | D:2      | Noticed Jessica
  1355 | D:2      | Killed Jessica
  1356 | D:2      | Reached skill level 1 in Axes
  1356 | D:2      | Gained mutation: You are mostly covered in thin metallic
                  | scales. (AC +3) [demonic ancestry]
  1356 | D:2      | Reached XP level 4. HP: 31/31 MP: 3/7
  2099 | D:2      | Reached skill level 1 in Armour
  2323 | D:3      | Reached skill level 1 in Fighting
  2347 | D:3      | Found a sparkling altar of Nemelex Xobeh.
  2523 | D:3      | Slain by a gnoll

Illustrated notes

Levels and vault maps discovered:
D:1:      elethiomel_arrival_shortcut, layout_loops_ring, grunt_decor_arrowhead,
          minmay_tree_intersection
D:2:      layout_loops_ring, eino_tiny_chamber, columned_hall_lemuel,
          uniq_jessica
D:3:      layout_basic, tso_altar, nemelex_diamond_rough_becter
D:4:      layout_basic, temple_hall, grunt_decor_mini_mirrors

Skill      XL: |  1  2  3  4 |
---------------+-------------+-----
Necromancy     | 5 |  5.5
Axes           | 1 |  1.3
Armour         | 1 |  1.0
Fighting       | 1 |  1.0
Dodging        | |  1.9
Stealth        | |  1.8
Spellcasting   | |  2.6

Action                   |  1- 3 |  4- 6 || total
-------------------------+-------+-------++-------
Melee: War axe           |    25 |    28 ||    53
       Punch             |     1 |       ||     1
 Cast: Necrotise         |    34 |    26 ||    60
Armor: Robe              |    11 |    19 ||    30
Dodge: Dodged            |    19 |    24 ||    43

Table legend: (Time is in decaauts)
 A = Elapsed time spent in this place.
 B = Non-inter-level travel time spent in this place.
 C = Inter-level travel time spent in this place.
 D = Time resting spent in this place.
 E = Time spent auto-exploring this place.
 F = Levels seen in this place.
 G = Mean time per level.
                   A        B        C        D        E       F      G
               +--------+--------+--------+--------+--------+-----+--------+
         Total |   2550 |   2275 |    275 |    116 |   1701 |   4 |  637.5 |
       Dungeon |   2550 |   2275 |    275 |    116 |   1701 |   4 |  637.5 |
               +--------+--------+--------+--------+--------+-----+--------+

Top non-repeatable levels by time:
     D:2: 1132 daAuts
     D:1: 1059 daAuts
     D:3: 357 daAuts
     D:4: 1 daAuts
